 Dungeon Crawl Stone Soup version 0.24-a0-640-ge7cd8ce796 (webtiles) character file.

Game seed: 5326274519855893639, levelgen mode: deterministic

337 MalarOregon the Ruffian (level 6, -1/51 HPs)
             Began as a Draconian Transmuter on Sept 24, 2019.
             Slain by a sky beast (5 damage)
             ... on level 3 of the Dungeon.
             The game lasted 00:05:36 (3314 turns).

MalarOregon the Ruffian (Draconian Transmuter)      Turns: 3314, Time: 00:05:37

Health: -1/51      AC:  2    Str: 13    XL:     6   Next: 28%
Magic:  0/10       EV: 21    Int: 15    God:
Gold:   106        SH:  0    Dex: 16    Spells: 5/11 levels left

rFire    . . .     SeeInvis .     - Unarmed
rCold    . . .     Gourm    .   (shield currently unavailable)
rNeg     . . .     Faith    .   (armour unavailable)
rPois    x         Spirit   .   (helmet currently unavailable)
rElec    .         Reflect  .   (cloak currently unavailable)
rCorr    .         Harm     .   (gloves currently unavailable)
MR       .....                  (boots currently unavailable)
Stlth    +.........             (no amulet)
HPRegen  0.17/turn              (no ring)
MPRegen  0.12/turn              (no ring)

@: spider-form (expiring), very slightly contaminated
A: tiny, unfitting armour, AC +6
a: End Transformation


You were on level 3 of the Dungeon.
You were hungry.
You were a venomous arachnid creature.
You visited 1 branch of the dungeon, and saw 4 of its levels.

You collected 106 gold pieces.

Inventory:

Missiles
 a - 27 arrows
Jewellery
 b - an uncursed ring of protection from magic {unknown}
   (You found it on level 2 of the Dungeon)
 f - an uncursed ring of wizardry {unknown}
   (You found it on level 1 of the Dungeon)
 m - a cursed ring of attention {unknown}
   (You found it on level 3 of the Dungeon)
 o - an uncursed amulet of faith {unknown}
   (You found it on level 3 of the Dungeon)
Scrolls
 c - 3 scrolls of identify {unknown}
 g - 2 scrolls of immolation {unknown}
 i - 5 scrolls of teleportation {unknown}
 l - a scroll of magic mapping {unknown}
Potions
 d - 2 potions of flight {unknown}
 h - a potion of lignification {unknown}
 k - 2 potions of haste {unknown}
 n - a potion of degeneration {unknown}
Comestibles
 e - 7 rations {!d}


   Skills:
 * Level 3.4 Fighting
 * Level 3.1 Dodging
 * Level 4.2 Unarmed Combat
 * Level 3.3 Spellcasting
 + Level 2.9 Transmutations


You had 5 spell levels left.
You knew the following spells:

 Your Spells              Type           Power        Failure   Level  Hunger
a - Beastly Appendage     Tmut           ##....       17%         1    #......
s - Sticks to Snakes      Tmut           ##......     22%         2    ##.....
x - Spider Form           Tmut/Pois      #.........   54%         3    ###....

Your spell library contained the following spells:

 Spells                   Type           Power        Failure   Level  Hunger
 Ice Form                 Ice/Tmut       #.......     87%         4    #####..
 Blade Hands              Tmut           ##........   95%         5    ######.


Dungeon Overview and Level Annotations

Branches:
Dungeon (4/15)
 Temple: D:4-7

Altars:
Fedhas
Qazlal
Xom

Annotations:
D:3 1 runed translucent door, Crazy Yiuf


Innate Abilities, Weirdness & Mutations

((Your plain brown scales are hard. (AC +6)))
You cannot fit into any form of body armour.
((You are cold-blooded and may be slowed by cold attacks.))


Message History

Something hits you but does no damage.
Unknown command.
You miscast Spider Form.
You are very lightly contaminated with residual magic.
You feel mildly nauseous.
You are feeling hungry.
Something hits you.
* * * LOW HITPOINT WARNING * * *
Something shocks you.
* * * LOW HITPOINT WARNING * * *
Something hits you but does no damage.
A sky beast appears from thin air!
Reactivating autopickup.
Unknown command.
You miscast Spider Form.
Waves of light ripple over your body. The sky beast barely misses you.
All of the chunks of flesh in your inventory have rotted away.
Unknown command.
Unknown command.
Your horns disappear.
The sky beast flickers out of sight!
Deactivating autopickup; reactivate with Ctrl-A.
Things that are here:
2 stones; a kobold skeleton A sky beast appears from thin air!
Reactivating autopickup.
The sky beast flickers out of sight!
Deactivating autopickup; reactivate with Ctrl-A.
You miscast Spider Form.
You feel weak for a moment. Something barely misses you.
Unknown command.
You turn into a venomous arachnid creature.
Your transformation is almost over.
Something hits you.
* * * LOW HITPOINT WARNING * * *
Something shocks you.
* * * LOW HITPOINT WARNING * * *
Unknown command.
You bite something!
A sky beast appears from thin air!
Reactivating autopickup.
The sky beast barely misses you.
Unknown command.
You barely miss the sky beast. The sky beast hits you.
* * * LOW HITPOINT WARNING * * *
The sky beast shocks you.
* * * LOW HITPOINT WARNING * * *
You hit the sky beast but do no damage. The sky beast hits you.
* * * LOW HITPOINT WARNING * * *
The sky beast shocks you.
You die...

#.##### #.. #.#
#.. #.# #.#
#.####### #.#
#.......# ##..
#.#####.# #... #.#
#.# #.#. #Y# ###
#### #s#
#.####♣♣♣♣♣
#..#..P.♣.♣♣♣ ###
##.....P.♣..♣#...#
#....♣P♣♣♣♣.+...#
##...P♣♣ ♣♣#..)#
####♣♣ ###


You could see a sky beast.

Vanquished Creatures
  Sigmund (D:2)
  A howler monkey (D:4)
  6 adders
  2 oozes
  A worm (D:2)
  2 dart slugs (D:1)
  2 leopard geckos
  10 bats
  2 giant cockroaches
  6 goblins
  15 hobgoblins
  A quokka (D:2)
  A ball python skeleton (D:4)
  2 frilled lizards
  10 kobolds
  9 rats
  A fungus (D:3)
72 creatures vanquished.

Notes
Turn   | Place    | Note
-------+----------+-------------------------------------------
     0 | D:1      | MalarOregon the Draconian Transmuter began the quest for
                  | the Orb.
     0 | D:1      | Reached XP level 1. HP: 16/16 MP: 3/3
   141 | D:1      | Reached XP level 2. HP: 18/23 MP: 3/5
   728 | D:1      | Reached XP level 3. HP: 20/29 MP: 6/6
   869 | D:1      | Learned a level 2 spell: Sticks to Snakes
   873 | D:1      | Learned a level 3 spell: Spider Form
  1600 | D:2      | Noticed Sigmund
  1647 | D:2      | Killed Sigmund
  1647 | D:2      | Reached XP level 4. HP: 27/38 MP: 4/8
  1647 | D:2      | Reached XP level 5. HP: 32/45 MP: 4/9
  1843 | D:2      | Reached skill level 4 in Unarmed Combat
  2320 | D:2      | Found a shimmering altar of Xom.
  2322 | D:2      | Found a blossoming altar of Fedhas.
  2332 | D:2      | Found a stormy altar of Qazlal.
  2414 | D:3      | Reached XP level 6. HP: 46/51 MP: 5/10
  3152 | D:3      | Found a runed translucent door.
  3153 | D:3      | Noticed Crazy Yiuf
  3272 | D:4      | Noticed a sky beast
  3314 | D:3      | Slain by a sky beast

Levels and vault maps discovered:
D:1:      lightli_arrival_lavapool, layout_basic, minmay_door_square
D:2:      layout_basic, grunt_temple_overflow_open, uniq_sigmund
D:3:      layout_loops_ring, first_ration, uniq_crazy_yiuf_cottage
D:4:      layout_layer_cave, uniq_robin

Skill      XL: |  1  2  3  4  5 |
---------------+----------------+-----
Dodging        | 2 3 |  3.1
Fighting       | 3 |  3.4
Spellcasting   | 3 |  3.3
Unarmed Combat | 4 |  4.2
Transmutations | |  2.9

Action                   |  1- 3 |  4- 6 || total
-------------------------+-------+-------++-------
Melee: Unarmed           |   148 |   122 ||   270
       Kick              |    10 |       ||    10
       Tailslap          |    14 |    10 ||    24
       Headbutt          |    10 |       ||    10
       Punch             |     2 |       ||     2
 Cast: Beastly Appendage |    16 |     2 ||    18
       Spider Form       |     1 |     9 ||    10
 Stab: Sleeping          |     1 |     1 ||     2
  Eat: Chunk             |     1 |     8 ||     9
Armor: Skin              |    39 |    33 ||    72
Dodge: Dodged            |   120 |   107 ||   227

Table legend:
 A = Non-vault XP
 B = Vault XP
 C = Vault XP percentage of total XP
 D = Non-vault monster count
 E = Vault monster count
 F = Vault count percentage of total count
                 A         B        C        D         E       F
            +---------+---------+-------+---------+---------+-------
      Total |     259 |     223 |  46.3 |      70 |       1 |   1.4
            +---------+---------+-------+---------+---------+-------
        D:1 |      56 |       0 |   0.0 |      29 |       0 |   0.0
        D:2 |      86 |     223 |  72.2 |      19 |       1 |   5.0
        D:3 |      54 |       0 |   0.0 |      19 |       0 |   0.0
        D:4 |      63 |       0 |   0.0 |       3 |       0 |   0.0
            +---------+---------+-------+---------+---------+-------
